 Dungeon Crawl Stone Soup version 0.25-a0-96-g4073cf80fb (webtiles) character file.

Game seed: 4328007799319911455, levelgen mode: deterministic

12 vurker the Magician (level 2, 0/20 HPs)
             Began as a Mummy Fire Elementalist on Nov 11, 2019.
             Slain by a hobgoblin (5 damage)
             ... on level 1 of the Dungeon.
             The game lasted 00:01:01 (821 turns).

vurker the Magician (Mummy Fire Elementalist)        Turns: 821, Time: 00:01:01

Health: 0/20       AC:  2    Str: 11    XL:     2   Next: 20%
Magic:  0/6        EV: 12    Int: 14    God:
Gold:   15         SH:  0    Dex: 12    Spells: 6/7 levels left

rFire    x . .     SeeInvis .   (no weapon)
rCold    + . .     Gourm    .   (no shield)
rNeg     + + +     Faith    .   a - +0 robe
rPois    ∞         Spirit   .   (no helmet)
rElec    .         Reflect  .   (no cloak)
rCorr    .         Harm     .   (no gloves)
MR       .....                  (no boots)
Stlth    ++........             b - amulet of inaccuracy (curse)
HPRegen  0.06/turn              (no ring)
MPRegen  0.10/turn              (no ring)

@: very slightly contaminated
A: no food or potions, fire vulnerability, cold resistance 1, negative energy
resistance 3, torment resistance, unbreathing
a: no special abilities


You were on level 1 of the Dungeon.
You were not hungry.

You visited 1 branch of the dungeon, and saw 1 of its levels.

You collected 15 gold pieces.

Inventory:

Armour
 a - a +0 robe (worn)
Jewellery
 b - a cursed amulet of inaccuracy (around neck)
   (You found it on level 1 of the Dungeon)


   Skills:
 + Level 0.3 Fighting
 - Level 1.5 Dodging
 - Level 1.5 Stealth
 * Level 3.0 Spellcasting
 * Level 1.2 Conjurations
 * Level 2.6 Fire Magic


You had 6 spell levels left.
You knew the following spells:

 Your Spells              Type           Power        Failure   Level  Hunger
a - Flame Tongue          Conj/Fire      #....        10%         1    N/A

Your spell library contained the following spells:

 Spells                   Type           Power        Failure   Level  Hunger
 Throw Flame              Conj/Fire      #.....       14%         2    N/A
 Conjure Flame            Conj/Fire      #.......     28%         3    N/A
 Inner Flame              Hex/Fire       #.......     36%         3    N/A
 Sticky Flame             Conj/Fire      #.......     67%         4    N/A
 Fireball                 Conj/Fire      #.........   95%         5    N/A

Dungeon Overview and Level Annotations

Branches:
Dungeon (1/15)

Altars:


Innate Abilities, Weirdness & Mutations

You do not eat or drink.
Your flesh is vulnerable to fire.
You are immune to poison.
Your flesh is cold resistant. (rC+)
You are immune to negative energy. (rN+++)
You are immune to unholy pain and torment.
You can survive without breathing.


Message History

A giant cockroach is nearby!
Found a whip.
You can't see any susceptible monsters within range! (Use Z to cast anyway.)
You can't see any susceptible monsters within range! (Use Z to cast anyway.)
Aim: a giant cockroach (clinging, resting)
The flame tongue hits the giant cockroach.
You kill the giant cockroach!
You can't see any susceptible monsters within range! (Use Z to cast anyway.)
You can't see any susceptible monsters within range! (Use Z to cast anyway.)
A kobold comes into view.
A kobold is nearby!
The kobold shouts!
You hear a shout!
The kobold throws a stone.
The stone misses you.
A bat comes into view.
The kobold throws a stone.
The stone hits you but does no damage.
You see here a stone.
You can't see any susceptible monsters within range! (Use Z to cast anyway.)
A hobgoblin comes into view.
Aim: a kobold The flame tongue hits the kobold.
The bat barely misses you.
Aim: a kobold (severely wounded)
The flame tongue misses the kobold.
A bat comes into view.
The bat hits you. The kobold misses you.
The bat moves out of view.
Aim: a kobold (severely wounded)
The flame tongue misses the kobold.
The bat hits you. The kobold hits you.
Aim: a kobold (severely wounded)
The flame tongue misses the kobold.
The bat barely misses you. The kobold hits you but does no damage.
Aim: a kobold (severely wounded)
You miscast Flame Tongue.
You are very lightly contaminated with residual magic.
Nothing appears to happen.
The bat barely misses you. The kobold barely misses you.
Aim: a kobold (severely wounded)
The flame tongue misses the kobold.
The bat barely misses you. x2
The kobold hits you. The hobgoblin hits you.
* * * LOW HITPOINT WARNING * * *
You barely miss the hobgoblin. The bat barely misses you.
The bat hits you but does no damage. The kobold closely misses you.
The hobgoblin hits you but does no damage.
You closely miss the kobold. The bat hits you.
* * * LOW HITPOINT WARNING * * *
The kobold misses you.
A frilled lizard comes into view.
The hobgoblin hits you.
* * * LOW HITPOINT WARNING * * *
You closely miss the kobold. The bat hits you but does no damage.
The kobold completely misses you. The hobgoblin hits you.
You die...

#. #.. #..#
#...########
#.#........### #..
#.......##..)#####.b...
##.......†.(..(@g..#
#.......###...bK..#
#......## #######.....
###......# ....
>....##.## .l.
.....##.# .. .....##.#
. .....##.# #.##.##.#


You could see a hobgoblin, 2 bats, a kobold and a frilled lizard.

Vanquished Creatures
  A leopard gecko (D:1)
  A giant cockroach (D:1)
  A hobgoblin (D:1)
  3 jackals (D:1)
  2 kobolds (D:1)
  A bat (D:1)
9 creatures vanquished.

Notes
Turn   | Place    | Note
-------+----------+-------------------------------------------
     0 | D:1      | vurker the Mummy Fire Elementalist began the quest for the
                  | Orb.
     0 | D:1      | Reached XP level 1. HP: 13/13 MP: 4/4
   298 | D:1      | Reached skill level 1 in Conjurations
   530 | D:1      | Reached XP level 2. HP: 11/19 MP: 0/5
   548 | D:1      | Reached skill level 3 in Spellcasting
   821 | D:1      | Slain by a hobgoblin

Levels and vault maps discovered:
D:1:      saegor_arrival_simple_a, layout_rooms, serial_corexii_hall,
          chequers_hall_statues_corner_a, chequers_hall_statues_y,
          chequers_hall_statues_wall_a

Skill      XL: |  1  2 |
---------------+-------+-----
Conjurations   | 1 |  1.2
Spellcasting   | 3 |  3.0
Fighting       | |  0.3
Dodging        | |  1.5
Stealth        | |  1.5
Fire Magic     | |  2.6

Action                   || total
-------------------------++-------
Melee: Unarmed           ||    46
 Cast: Flame Tongue      ||    24
Armor: Robe              ||    19
Dodge: Dodged            ||    60

Table legend:
 A = Non-vault XP
 B = Vault XP
 C = Vault XP percentage of total XP
 D = Non-vault monster count
 E = Vault monster count
 F = Vault count percentage of total count
                 A         B        C        D         E       F
            +---------+---------+-------+---------+---------+-------
      Total |      18 |       0 |   0.0 |       9 |       0 |   0.0
            +---------+---------+-------+---------+---------+-------
        D:1 |      18 |       0 |   0.0 |       9 |       0 |   0.0
            +---------+---------+-------+---------+---------+-------
